Map: Cyber Forest LE

Players

gonzopanda - Winner!

  • Race: Terran Terran
  • League: Platinum
  • Spawn Location: 5:00

Woah

  • Race: Terran Terran
  • League: Platinum
  • Spawn Location: 11:00

VOD

Have the link to the VOD?

Description

Time

  • Played on: June 10, 2019, 10:50 a.m.
  • Length: 11:18
Show
View Real Time Build Order
Export as new Build Order

gonzopanda Terran - Winner!

Build Orders: Mech 

Get SALT Encoding   

  12  0:01  SCV  
  13  0:13  SCV  
  14  0:17  Supply Depot  
  14  0:25  SCV  
  15  0:28  Refinery  
  15  0:39  SCV  
  16  0:46  Barracks  
  16  0:51  SCV  
  17  1:03  SCV  
  18  1:06  Refinery  
  18  1:18  SCV  
  18  1:23  Supply Depot  
  19  1:34  Orbital Command  
  19  1:35  Reaper  
  20  1:53  Factory  
  20  2:00  SCV  
  21  2:12  SCV  
  22  2:16  Barracks Tech Lab  
  22  2:24  SCV  
  23  2:37  SCV  
  24  2:49  SCV  
  25  2:55  Command Center  
  25  2:59  Siege Tank  
  25  3:01  SCV  
  28  3:13  SCV  
  28  3:14  Barracks Reactor  
  28  3:19  Armory  
  29  3:24  Command Center  
  29  3:25  SCV  
  30  3:42  Supply Depot  
  29  3:58  SCV  
  29  4:00  Starport  
  30  4:03  Siege Tank  
  30  4:04  Factory  
  33  4:13  SCV  
  33  4:16  Barracks Tech Lab  
  34  4:25  SCV  
  34  4:28  Supply Depot  
  34  4:29  Supply Depot  
  35  4:31  Terran Vehicle Weapons Level 1  
  35  4:37  SCV  
  36  4:39  Siege Tank  
  39  4:49  SCV  
  40  5:01  SCV  
  41  5:07  Refinery  
  41  5:08  Hellion  
  41  5:09  Hellion, Refinery  
  41  5:12  Infernal Pre-Igniter  
  41  5:13  SCV  
  46  5:16  Orbital Command  
  46  5:25  SCV  
  47  5:31  Hellion x2  
  51  5:37  SCV  
  52  5:43  SCV  
  52  5:49  SCV  
  54  5:51  Banshee  
  54  5:55  SCV  
  58  5:57  Armory, Engineering Bay  
  58  6:01  SCV, Cyclone  
  62  6:07  SCV  
  63  6:13  SCV  
  63  6:17  Supply Depot  
  64  6:19  SCV  
  65  6:26  SCV  
  65  6:29  Terran Vehicle And Ship Armor Level 1  
  65  6:31  SCV  
  67  6:33  Hellion  
  67  6:35  Hellion  
  67  6:38  Cyclone  
  73  6:51  Banshee  
  73  6:52  SCV  
  77  6:59  Missile Turret x2  
  77  7:09  SCV  
  78  7:18  Supply Depot  
  78  7:21  Supply Depot  
  78  7:26  Command Center  
  78  7:35  SCV, Hellion  
  78  7:39  Hellion  
  78  7:40  Cyclone  
  81  7:56  Command Center, Factory  
  81  7:58  Terran Vehicle Weapons Level 2  
  81  7:59  SCV  
  81  8:05  SCV  
  83  8:08  Smart Servos  
  83  8:11  SCV  
  84  8:15  Cyclone  
  84  8:17  SCV, Hellion  
  90  8:28  SCV  
  90  8:30  Terran Vehicle And Ship Armor Level 2  
  90  8:31  SCV  
  92  8:40  SCV  
  93  9:14  Cyclone  
  93  9:15  Hellion x2  
  100  9:18  Factory Tech Lab  
  100  9:23  Orbital Command  
  100  9:27  Orbital Command  
  100  9:36  SCV x2  
  100  9:37  Sensor Tower  
  102  9:43  Hellion x2  
  102  9:45  Cyclone  
  109  9:48  SCV x2  
  109  9:50  SCV  
  109  9:51  Cyclone  
  115  10:02  Refinery  
  115  10:03  SCV  
  115  10:04  Hellion x2  
  115  10:05  Refinery  
  120  10:10  Factory  
  120  10:12  SCV x3, Factory  
  123  10:15  Supply Depot  
  123  10:16  SCV  
  123  10:17  Supply Depot  
  124  10:36  Sensor Tower  
  124  10:37  SCV x4, Refinery  
  124  10:39  Refinery  
  131  10:42  Cyclone  
  131  10:43  Hellion, Cyclone  
  131  10:44  Hellion  
  131  10:49  SCV x2  
  140  10:50  SCV x2  
  136  11:01  SCV  
Show
View Real Time Build Order
Export as new Build Order

Woah Terran 

Build Orders:  

Get SALT Encoding   

  12  0:01  SCV  
  13  0:18  Supply Depot  
  13  0:20  SCV  
  14  0:25  Refinery  
  14  0:33  SCV  
  15  0:44  Barracks  
  15  0:49  SCV  
  16  0:55  Refinery  
  16  1:01  SCV  
  17  1:13  SCV  
  18  1:25  SCV  
  19  1:31  Factory  
  19  1:51  Reaper  
  20  1:56  Orbital Command  
  20  2:11  Supply Depot  
  20  2:16  Hellion  
  22  2:24  Reaper  
  23  2:32  SCV  
  24  2:50  Command Center  
  24  3:10  Reaper  
  24  3:11  Factory Tech Lab  
  25  3:13  SCV  
  25  3:14  Starport  
  26  3:20  Supply Depot  
  25  3:52  Siege Tank  
  25  3:53  Starport Reactor  
  25  3:54  Barracks Tech Lab  
  28  3:57  SCV  
  29  4:05  Orbital Command  
  29  4:14  Bunker  
  29  4:19  Marine  
  30  4:29  Barracks  
  30  4:30  Barracks  
  30  4:37  Marine  
  31  4:49  SCV x2  
  33  4:55  Marine  
  33  4:58  Viking x2  
  38  5:01  SCV x2  
  40  5:08  Siege Tank  
  40  5:13  SCV, Marine  
  45  5:27  Barracks Reactor  
  45  5:31  Marine  
  45  5:34  SCV  
  45  5:35  SCV  
  48  5:47  SCV x2  
  50  5:52  Barracks  
  50  5:53  Barracks  
  50  5:59  SCV  
  50  6:01  Command Center  
  51  6:08  Stimpack  
  51  6:16  Viking  
  51  6:18  SCV  
  54  7:07  SCV x2  
  54  7:17  Viking x2  
  54  7:19  Marauder, Marine  
  54  7:20  Marine x2  
  63  7:31  Command Center  
  63  7:36  Marine  
  63  7:40  Marauder  
  52  7:49  Engineering Bay  
  52  7:52  Barracks Tech Lab  
  52  7:53  Barracks Tech Lab x2  
  52  8:03  Barracks  
  52  8:06  Orbital Command  
  54  8:13  Marauder x2, Refinery  
  54  8:14  Refinery  
  54  8:18  Concussive Shells  
  54  8:19  SCV x2  
  58  8:28  Orbital Command  
  58  8:29  Marauder  
  58  8:31  Marauder, SCV x2  
  60  8:55  Marauder x3, Marine x2  
  60  8:57  Marauder  
  62  9:12  Medivac  
  62  9:13  Marine x2  
  62  9:16  Marine x3  
  69  9:27  Barracks Tech Lab  
  69  9:37  Refinery  
  69  9:40  Refinery  
  69  9:57  Missile Turret  
  69  10:15  Engineering Bay  
  69  10:24  Planetary Fortress  
  69  10:50  Marauder x2, Command Center  
  69  10:51  Marauder, SCV x2  
  69  10:53  Marauder, Marine  
  69  10:55  Marine  
  67  11:03  SCV x2  
Tags
 
Composition
Mech
Matchup
TvT
Race
Terran
Replay Pack
r1
Spawn Locations
Cross Positions
Add a new tag
Caveats
  • Supply blocks, unpowered buildings, or Contaminate may cause inaccurate times.
  • Supply counts are checked every 10 seconds.